 Dungeon Crawl Stone Soup version 0.27-a0-1248-g57ac2eb73c (webtiles) character file.

Game seed: 13551509795187790337

122 Kinoniko the Chopper (level 5, -4/45 HPs)
             Began as a Hill Orc Monk on June 10, 2021.
             Slain by an ogre
             ... wielding a +0 giant club
              (25 damage)
             ... on level 4 of the Dungeon.
             The game lasted 00:03:38 (3360 turns).

Kinoniko the Chopper (Hill Orc Monk)                Turns: 3360, Time: 00:03:39

Health: -4/45      AC:  8    Str: 13 (15) XL:     5   Next: 6%
Magic:  5/5        EV: 10    Int:  9 (10) God:
Gold:   157        SH:  0    Dex: 10 (13) Spells: 4/4 levels left

rFire    . . .     SeeInvis .   a - +0 hand axe
rCold    . . .     Faith    .   (no shield)
rNeg     . . .     Spirit   .   i - +0 ring mail
rPois    .         Reflect  .   (no helmet)
rElec    .         Harm     .   g - +0 cloak
rCorr    .         Rampage  .   k - +1 pair of gloves
Will     .....                  (no boots)
Stlth    +.........             (no amulet)
HPRegen  0.15/turn              (no ring)
MPRegen  0.09/turn              (no ring)

@: flying
A: no striking features
a: no special abilities


You were on level 4 of the Dungeon.
You visited 1 branch of the dungeon, and saw 4 of its levels.

You collected 157 gold pieces.

Inventory:

Hand Weapons
 a - a +0 hand axe (weapon)
Armour
 g - a +0 cloak (worn)
 i - a +0 ring mail (worn)
 k - a +1 pair of gloves (worn)
Scrolls
 c - a scroll of enchant weapon {unknown}
 d - 2 scrolls of identify {unknown}
 l - 2 scrolls of fear {unknown}
 n - a scroll of torment {unknown}
 o - a scroll of vulnerability {unknown}
Potions
 e - a potion of lignification
 h - a potion of curing
 j - a potion of degeneration
 m - 2 potions of attraction {unknown}


   Skills:
 - Level 3.6 Fighting
 * Level 7.4 Axes
 - Level 2.4 Dodging
 - Level 1.5 Stealth


You had 4 spell levels left.
You didn't know any spells.
Your spell library contained the following spells:

 Spells                   Type           Power      Damage    Failure   Level
 Confusing Touch          Hex            0%         N/A       95%         3
 Gell's Gravitas          Tloc           0%         N/A       95%         3
 Petrify                  Tmut/Erth      0%         N/A       100%        4
 Metabolic Englaciation   Hex/Ice        0%         N/A       100%        5
 Yara's Violent Unravell  Hex/Tmut       0%         3d3       100%        5


Dungeon Overview and Level Annotations

Branches:
Dungeon (4/15)
 Temple: D:4-7

Altars:

Shops:
D:1 *

Annotations:
D:3 1 runed translucent door, LordKittycat's ghost, amateur KoHu


Message History

Where to? (Enter - D:3, ? - help)
What level of the Dungeon? (default 1, ? - help)
There is a stone staircase leading down here.
You climb downwards.
Found a stone staircase leading up.
There is a stone staircase leading up here.
An ogre comes into view. It is wielding a +0 giant club.
The ogre shouts!
Sorry, you're not good enough to have a special ability.
It was a potion of heal wounds.
You feel much better.
It was a potion of flight.
You feel very buoyant.
You fly up into the air.
The ogre barely misses you.
It was a potion of degeneration.
There was something very wrong with that liquid.
You feel weakened.
You feel dopey.
You feel clumsy.
You hit the ogre.
The ogre is lightly wounded.
The ogre misses you.
You hit the ogre.
The ogre is lightly wounded.
The ogre hits you with a +0 giant club!!
You barely miss the ogre.
The ogre is lightly wounded.
You slash the ogre!
The ogre is heavily wounded.
The ogre closely misses you.
You hit the ogre.
The ogre is severely wounded.
The ogre completely misses you.
You hit the ogre but do no damage.
The ogre is severely wounded.
The ogre hits you with a +0 giant club!
You closely miss the ogre.
The ogre is severely wounded.
You barely miss the ogre.
The ogre is severely wounded.
The ogre hits you with a +0 giant club!!
Ouch! That really hurt!
You die...

###### ....#
..#.#
####.#.#
......#
##.#..#
#.....#
.#####..#@##
.......<#O#
<########.#
... #.# #..
#.# ###


You could see an ogre.

Vanquished Creatures
  Crazy Yiuf (D:3)
  3 adders
  A worm (D:3)
  4 dart slugs
  3 bats (D:1)
  5 endoplasms
  5 giant cockroaches
  8 goblins
  6 hobgoblins
  A kobold (D:1)
  2 quokkas (D:3)
  5 ball pythons
  4 frilled lizards
  7 rats
55 creatures vanquished.

Vanquished Creatures (others)
  2 withered plants (D:3)
2 creatures vanquished.

Grand Total: 57 creatures vanquished

Notes
Turn   | Place    | Note
-------+----------+-------------------------------------------
     0 | D:1      | Kinoniko the Hill Orc Monk began the quest for the Orb.
     0 | D:1      | Reached XP level 1. HP: 19/19 MP: 1/1
   182 | D:1      | Found a faded altar of an unknown god.
   185 | D:1      | Reached XP level 2. HP: 26/26 MP: 2/2
   741 | D:1      | Reached skill level 5 in Axes
   752 | D:1      | Found Wucuedwi's Assorted Antiques.
  1199 | D:1      | Reached XP level 3. HP: 29/31 MP: 3/3
  2012 | D:2      | Reached skill level 6 in Axes
  2300 | D:3      | Reached XP level 4. HP: 39/39 MP: 4/4
  2319 | D:3      | Found a runed translucent door.
  2320 | D:3      | Noticed LordKittycat's ghost (amateur KoHu)
  2370 | D:3      | Found a runed translucent door.
  2371 | D:3      | Noticed Crazy Yiuf
  2962 | D:3      | Reached skill level 7 in Axes
  3135 | D:3      | Killed Crazy Yiuf
  3136 | D:3      | Reached XP level 5. HP: 12/45 MP: 5/5
  3348 | D:4      | Noticed an ogre
  3360 | D:4      | Slain by an ogre

Illustrated notes

Levels and vault maps discovered:
D:1:      dpeg_arrival_rhombus, layout_basic, serial_shops, shop,
          ebering_ecumenical_altar_webs, minivault_11, st_stairs_3
D:2:      layout_loops_ring
D:3:      layout_basic, gammafunk_ghost_grave, uniq_crazy_yiuf_cottage
D:4:      layout_basic, serial_curves, eino_curves_04, eino_curves_02,
          eino_curves_03, eino_curves_04, uniq_pikel

Skill      XL: |  1  2  3  4 |
---------------+-------------+-----
Axes           | 5 6 7 |  7.4
Fighting       | |  3.6
Dodging        | |  2.4
Stealth        | |  1.5

Action                   |  1- 3 |  4- 6 || total
-------------------------+-------+-------++-------
Melee: Hand axe          |   116 |    85 ||   201
  Use: Potion            |       |     7 ||     7
 Stab: Sleeping          |     3 |       ||     3
Armor: Leather armour    |    14 |       ||    14
       Ring mail         |    25 |    20 ||    45
       Skin              |       |     7 ||     7
Dodge: Dodged            |    61 |    32 ||    93

Table legend: (Time is in decaauts)
 A = Elapsed time spent in this place.
 B = Non-inter-level travel time spent in this place.
 C = Inter-level travel time spent in this place.
 D = Time resting spent in this place.
 E = Time spent auto-exploring this place.
 F = Levels seen in this place.
 G = Mean time per level.
                   A        B        C        D        E       F      G
               +--------+--------+--------+--------+--------+-----+--------+
         Total |   3360 |   3259 |    101 |    641 |   2194 |   4 |  840.0 |
       Dungeon |   3360 |   3259 |    101 |    641 |   2194 |   4 |  840.0 |
               +--------+--------+--------+--------+--------+-----+--------+

Top non-repeatable levels by time:
     D:1: 1471 daAuts
     D:3: 1122 daAuts
     D:2: 752 daAuts
     D:4: 14 daAuts
